 Dungeon Crawl Stone Soup version 0.31.0-11-ge490571c62 (webtiles) character file.

Game seed: 2580215790251371146

311 ChodeyFoster420 the Chopper (level 6, -3/47 HPs)
             Began as a Demonspawn Berserker on Jan 29, 2024.
             Was a Believer of Trog.
             Slain by an ogre
             ... wielding a +0 giant club
              (27 damage)
             ... on level 4 of the Dungeon.
             The game lasted 00:11:42 (2924 turns).

ChodeyFoster420 the Chopper (Demonspawn Berserker)  Turns: 2924, Time: 00:11:42

Health: -3/47      AC: 10    Str: 20    XL:     6   Next: 18%
Magic:  6/6        EV: 10    Int:  7    God:    Trog [**....]
Gold:   90         SH:  0    Dex: 12    Spells: 5/5 levels left

rFire   . . .        j - +0 war axe
rCold   . . .        (no shield)
rNeg    . . .        l - +0 chain mail
rPois   .            (no helmet)
rElec   .            (no cloak)
rCorr   .            c - +1 pair of gloves
SInv    .            (no boots)
Will    .....        (no amulet)
Stlth   +            (no ring)
HPRegen 0.27/turn    (no ring)
MPRegen 0.10/turn

%: no passive effects
@: no status effects
A: sturdy frame 3, demonic magic 1
a: Renounce Religion, Berserk, Trog's Hand


You were on level 4 of the Dungeon.
You worshipped Trog.
Trog was pleased with you.
You visited 1 branch of the dungeon, and saw 4 of its levels.

You collected 90 gold pieces.

Inventory:

Hand Weapons
 a - a +0 hand axe
 j - a +0 war axe (weapon)
Missiles
 e - 12 javelins (quivered)
 m - 5 silver javelins
Armour
 b - a +0 animal skin
 c - a +1 pair of gloves (worn)
 g - a +0 scale mail
 l - a +0 chain mail (worn)
Scrolls
 d - 4 scrolls of identify
 i - a scroll of enchant weapon {unknown}
Potions
 f - a potion of cancellation
 h - a potion of might
 k - a potion of curing {unknown}


   Skills:
 - Level 3.0 Fighting
 + Level 6.3 Axes
 - Level 1.7 Armour
 - Level 1.7 Dodging
 - Level 0.6 Stealth


You had 5 spell levels left.
You didn't know any spells.
Your spell library was empty.

Dungeon Overview and Level Annotations

Branches:
Dungeon (4/15)
 Temple: D:4-7

Altars:
Dithmenos
Uskayaw
Xom
Yredelemnul


Innate Abilities, Weirdness & Mutations

Your movements are significantly less encumbered by armour. (ER -6)
Spells you cast may paralyse adjacent enemies.


Message History

You fall asleep.
The sleepcap releases spores at you.
You wake up.
You are engulfed in a cloud of soporific spores!
You are unaffected.
You hit the sleepcap.
The sleepcap is heavily damaged.
The sleepcap releases spores at you but does no damage.
You hit the sleepcap but do no damage.
The sleepcap is heavily damaged.
The sleepcap barely misses you.
You slash the sleepcap!
The sleepcap is severely damaged.
The sleepcap releases spores at you but does no damage.
You hit the sleepcap but do no damage.
The sleepcap is severely damaged.
The sleepcap releases spores at you but does no damage.
The sleepcap releases spores at you.
Unknown command.
You completely miss the sleepcap.
The sleepcap is severely damaged.
The sleepcap barely misses you.
Unknown command.
You slash the sleepcap!
You destroy the sleepcap!
Trog accepts your kill.
No target in view!
No target in view!
You now have 90 gold pieces (gained 14).
An ogre comes into view. It is wielding a +0 giant club.
Found a shadowy altar of Dithmenos.
The ogre shouts!
You hear a shout!
An ogre is nearby!
An orc comes into view. It is wielding a +0 mace.
You hit the ogre but do no damage. The ogre hits you with a +0 giant club!
You hit the ogre but do no damage. The ogre hits you with a +0 giant club!
You slash the ogre!
The ogre is moderately wounded.
The ogre hits you with a +0 giant club!!
Ouch! That really hurt!
You die...

#.##.###.## #.#
#######†###...##
...
.........###.##
####.....# #.#
###.#.#.###.#
............#
###.#.#.########
.#.....###.....
........@O......
######..###.###.
#... #.o. ..§≈≈
##.≈≈≈ #.≈§_.
#.≈


You could see an ogre and an orc.

Vanquished Creatures
  A black bear (D:3)
  A bombardier beetle (D:3)
  A sleepcap (D:4)
  An orc wizard (D:3)
  8 adders
  2 ribbon worms
  2 dart slugs
  2 orcs (D:3)
  2 endoplasms
  2 giant cockroaches
  7 goblins
  3 hobgoblins
  7 jackals (D:1)
  A quokka (D:4)
  6 ball pythons
  4 bats
  3 frilled lizards
  4 rats
57 creatures vanquished.

Notes
Turn   | Place    | Note
-------+----------+-------------------------------------------
     0 | D:1      | ChodeyFoster420 the Demonspawn Berserker began the quest
                  | for the Orb.
     0 | D:1      | Reached XP level 1. HP: 18/18 MP: 1/1
    25 | D:1      | Reached skill level 3 in Axes
   216 | D:1      | Found a faded altar of an unknown god.
   228 | D:1      | Gained mutation: Your movements are slightly less
                  | encumbered by armour. (ER -2) [demonic ancestry]
   228 | D:1      | Reached XP level 2. HP: 15/24 MP: 2/2
   957 | D:2      | Gained mutation: Your movements are less encumbered by
                  | armour. (ER -4) [demonic ancestry]
   957 | D:2      | Reached XP level 3. HP: 27/29 MP: 3/3
   978 | D:2      | Reached skill level 4 in Axes
  1204 | D:2      | HP: 1/29 [poisoned by an adder]
  1358 | D:2      | Gained mutation: Spells you cast may paralyse adjacent
                  | enemies. [demonic ancestry]
  1358 | D:2      | Reached XP level 4. HP: 28/35 MP: 4/4
  1459 | D:2      | Found a shimmering altar of Xom.
  1752 | D:3      | Reached skill level 5 in Axes
  1909 | D:3      | Reached XP level 5. HP: 41/41 MP: 5/5
  2016 | D:3      | Reached ** piety under Trog
  2165 | D:3      | Noticed a black bear
  2179 | D:3      | Killed a black bear
  2180 | D:3      | Reached skill level 6 in Axes
  2195 | D:3      | Gained mutation: Your movements are significantly less
                  | encumbered by armour. (ER -6) [demonic ancestry]
  2195 | D:3      | Reached XP level 6. HP: 38/47 MP: 6/6
  2336 | D:3      | Found a basalt altar of Yredelemnul.
  2550 | D:3      | Found a hide-covered altar of Uskayaw.
  2920 | D:4      | Found a shadowy altar of Dithmenos.
  2924 | D:4      | Slain by an ogre

Illustrated notes

Levels and vault maps discovered:
D:1:      onia_arrival_mini_maze_b, layout_loops_ring,
          hellmonk_ecumenical_altar_run_dry
D:2:      layout_basic, basic_altar
D:3:      layout_basic, nicolae_uskayaw_murder_on_the_dancefloor,
          mainiacjoe_overflow_tiny_flanked, grunt_decor_junction,
          minmay_tree_intersection, minmay_splitting_lines,
          kennysheep_cross_room
D:4:      layout_loops_ring, general_overflow_altar,
          nicolae_overflow_hidden_temple, lemuel_temple_firewalk_a

Skill      XL: |  1  2  3  4  5 |
---------------+----------------+-----
Axes           | 3 4 5 6 |  6.3
Fighting       | |  3.0
Armour         | |  1.7
Dodging        | |  1.7
Stealth        | |  0.6

Action                     |  1- 3 |  4- 6 || total
---------------------------+-------+-------++-------
  Melee: Hand axe          |    97 |    46 ||   143
         Punch             |     1 |       ||     1
         War axe           |       |    85 ||    85
 Invoke: Berserk           |     1 |     2 ||     3
    Use: Scroll            |     2 |     3 ||     5
   Stab: Sleeping          |     3 |       ||     3
 Armour: Animal skin       |    42 |       ||    42
         Scale mail        |    27 |    70 ||    97
         Chain mail        |       |    21 ||    21
  Dodge: Dodged            |    73 |    95 ||   168
